Cogmind - Beta 16 @@@ ROGUE MODE // 2025.12.22 @ 17:06:10 Player: beans Result: Destroyed by 14-G95(R) with Subdweller Shrapnel Launcher Performance ------------- Evolutions (0) 0 Regions Visited (2) 400 Robots Destroyed (9) 45 Value Destroyed (323) 323 Prototype IDs (1) 20 Alien Tech Used (0) 0 Bonus (-10) -10 TOTAL SCORE: 778 Bonus ------- Friendly Fire -10 Cogmind --------- Core Integrity 0/250 Matter 181/300 Energy 100/100 System Corruption 0% Temperature Cool (0) Movement Walking (130) Location -10/Subcaves Parts ------- > --- POWER (1) -------- (None) > --- PROPULSION (2) --- Cargo Legs > --- UTILITY (2+2) ---- Large Storage Unit > --- WEAPON (2) ------- Heavy Assault Rifle > --- INVENTORY (15) --- Light Nuclear Core Cobbler Unit Small Laser Heavy Assault Rifle Light Cannon Light Cannon Grenade Launcher Mini Grenade Launcher Peak State ------------ > --- POWER ------------ (None) > --- PROPULSION ------- Cargo Legs > --- UTILITY ---------- Large Storage Unit > --- WEAPON ----------- Heavy Assault Rifle Heavy Assault Rifle > --- INVENTORY -------- Light Nuclear Core Cobbler Unit Small Laser Heavy Assault Rifle Light Cannon Light Cannon Grenade Launcher Mini Grenade Launcher [Rating: 22] Favorites ----------- Power Light Ion Engine Engine Light Ion Engine Propulsion Light Treads Treads Light Treads Leg Cargo Legs Utility Large Storage Unit Storage Large Storage Unit Weapon Heavy Assault Rifle Energy Gun Small Laser Ballistic Gun Heavy Assault Rifle Ballistic Cannon Light Cannon Launcher Mini Grenade Launcher Build | -11 -10 -10 ------- Run | Yrd Mat Sub Slots Evolved . | . . . Power . | . . . Propulsion . | . . . Utility . | . . . Weapon . | . . . Parts Attached 13 | 5 3 5 Power 1 | 1 . . Engine 1 | 1 . . Core . | . . . Reactor . | . . . Propulsion 3 | 2 . 1 Treads 2 | 2 . . Leg 1 | . . 1 Wheel . | . . . Hover . | . . . Flight . | . . . Utility 1 | . 1 . Device . | . . . Storage 1 | . 1 . Processor . | . . . Hackware . | . . . Protection . | . . . Artifact . | . . . Weapon 8 | 2 2 4 Energy Gun 2 | 2 . . Energy Cannon . | . . . Ballistic Gun 3 | . . 3 Ballistic Cannon 2 | . 2 . Launcher 1 | . . 1 Special Weapon . | . . . Impact Weapon . | . . . Slashing Weapon . | . . . Piercing Weapon . | . . . Special Melee Weapon . | . . . Unidentified Prototypes 1 | . . 1 Parts Lost 6 | . . 6 Power 1 | . . 1 Propulsion 2 | . . 2 Utility . | . . . Weapon 3 | . . 3 Highest Loss Streak 2 | . . 2 To Critical Strikes 1 | . . 1 Average Backups 6 | . 3 9 Power . | . . 1 Propulsion . | . . . Utility . | . . . Weapon 4 | . 2 6 Tool/Special . | . . . Unused Backups 5 | . . 5 Power 1 | . . 1 Propulsion . | . . . Utility 1 | . . 1 Weapon 3 | . . 3 Tool/Special . | . . . Average Slot Usage (%) 67 | . 74 63 Engine 6 | . 14 1 Treads 22 | . 28 18 Leg 1 | . . 1 Storage 9 | . 3 13 Energy Gun 7 | . 17 . Ballistic Gun 11 | . . 19 Ballistic Cannon 6 | . 10 3 Launcher 1 | . . 3 Peak Build Rating 22 | 5 7 22 Average Rating 8 | 3 5 11 On Entrance 4 | . 5 7 Avg Prop Armor Cover (%) . | . . . Naked Turns . | . . . Heaviest Build 29 | 5 29 29 Greatest Support 55 | 40 40 55 Greatest Overweight (x) 8 | . . 8 Average Overweight (x) . | . . . Largest Inventory Capacity 15 | 5 15 15 Average Capacity 11 | 5 7 15 Most Carried 12 | 3 9 12 Average Carried 7 | . 3 10 Final Capacity 15 | 5 15 15 Final Carried 9 | . 9 9 Class Distribution -------------------- 100% | Mutant Dominant Class ---------------- Mutant | -10/Materials Mutant | -10/Subcaves Resources | -11 -10 -10 ----------- Run | Yrd Mat Sub Matter Collected 488 | 184 77 227 Remotely . | . . . Salvage Created 343 | . 43 300 Parts 20 | . 1 19 Haulers Intercepted 1 | . 1 . Recyclers Shooed . | . . . Parts Field Recycled . | . . . Retrieved Matter . | . . . Parts Self-Destructed 3 | . . 3 Prevented . | . . . Parts Restored . | . . . Kills | -11 -10 -10 ------- Run | Yrd Mat Sub Combat Hostiles Destroyed 8 | . . 8 Guns 4 | . . 4 Cannons 1 | . . 1 AOE 3 | . . 3 Classes Destroyed 4 | . 1 3 Hauler 1 | . 1 . Grunt 2 | . . 2 Cobbler 1 | . . 1 Subdweller 6 | . . 6 Best Kill Streak 3 | . 1 3 Combat Bots Only 3 | . . 3 Max Kills in Single Turn 2 | . 1 2 Gunslinging . | . . . Exploded 2 | . . 2 Melee . | . . . Uniques/NPCs Destroyed . | . . . Combat | -11 -10 -10 -------- Run | Yrd Mat Sub Hostile Shots Fired 63 | . . 63 Missed 15 | . . 15 Hits 48 | . . 48 Projectile 48 | . . 48 AOE 3 | . . 3 Critical Strikes 3 | . . 3 Damage Taken 1261 | . . 1261 Core 306 | . . 306 Absorbed by Shields . | . . . Core Remaining (%) 100 | 100 . . Volleys Fired 45 | 1 4 40 Largest 2 | 2 2 2 Hottest 80 | 80 80 60 Shots Fired 80 | 2 8 70 Gun 53 | 2 6 45 Cannon 18 | . 2 16 Launcher 9 | . . 9 Special . | . . . Kinetic 63 | . 2 61 Thermal 8 | 2 6 . Explosive 9 | . . 9 Electromagnetic . | . . . Robot Hit Streak 38 | 2 3 38 Robot Miss Streak 2 | . 2 1 Penetration Max . | . . . Secondary Targets 1 | . . 1 Max Gunslinging Chain 1 | . . 1 Shots Hit Robots 67 | 2 5 60 Core Hits 22 | . 2 20 Critical Kills . | . . . Critical Parts Destroyed . | . . . Critical Strikes . | . . . Melee Attacks . | . . . Impact . | . . . Slashing . | . . . Piercing . | . . . Sneak Attacks . | . . . Combat Hostiles . | . . . Follow-up Attacks . | . . . Damage Inflicted 1299 | 24 86 1189 Guns 685 | 24 53 608 Cannons 241 | . 33 208 Explosions 373 | . . 373 Melee . | . . . Ramming . | . . . Kinetic 849 | . 33 816 Thermal 77 | 24 53 . Explosive 373 | . . 373 Electromagnetic . | . . . Impact . | . . . Slashing . | . . . Piercing . | . . . Highest Corruption . | . . . Average Corruption . | . . . Corruption Purged . | . . . Corruption Blocked . | . . . Overload Shots . | . . . Overflow Damage 5 | . 3 2 Projectiles 3 | . 3 . Explosions 2 | . . 2 Melee . | . . . Knockbacks 5 | . 2 3 Impact . | . . . Kinetic 5 | . 2 3 Secondary . | . . . Self-Inflicted Damage 99 | . . 99 Shots 4 | . . 4 Rammed . | . . . Targets Rammed . | . . . Kicked . | . . . Crushed . | . . . Highest Temperature 36 | 18 36 . Average Temperature 16 | 12 18 . Received Heat Transfer 207 | . . 207 Siege Activations . | . . . Martial Activations . | . . . Shielding Activations . | . . . Robots Disrupted . | . . . Combat Hostiles . | . . . Robots Corrupted . | . . . Combat Hostiles . | . . . Parts Fried . | . . . Impact Corruptions . | . . . Robots Melted . | . . . Combat Hostiles . | . . . Parts Melted . | . . . Heat Transferred 175 | 50 125 . Parts Sabotaged . | . . . Parts Stolen . | . . . Parts Stripped . | . . . Power Chain Reactions . | . . . Alert | -11 -10 -10 ------- Run | Yrd Mat Sub Maximum Alert Level . | . . . Low Security (%) 100 | 100 100 . Level 1 . | . . . Level 2 . | . . . Level 3 . | . . . Level 4 . | . . . Level 5 . | . . . High Security . | . . . Max Security . | . . . Peak Influence 7 | . 7 . Initial . | . . . Average . | . . . Influence Increases 57 | . 7 50 Destroy 0b10 Robot/C 40 | . . 40 Destroy 0b10 Robot/NC 5 | . 5 . Destroy Leader 12 | . 2 10 Influence Decreases 57 | . 7 50 Time Decay 47 | . 7 40 Lost Part 10 | . . 10 Squads Dispatched . | . . . Investigation . | . . . Extermination . | . . . Reinforcement . | . . . Assault . | . . . Garrison . | . . . Intercept . | . . . Searches Triggered . | . . . Construction Impeded . | . . . Haulers Reinforced . | . . . Active Scanning Responses . | . . . Cargo Convoy Interrupts . | . . . Stealth | -11 -10 -10 --------- Run | Yrd Mat Sub Distress Signals . | . . . Communications Jammed . | . . . Distress Signals . | . . . Times Spotted 16 | . 3 13 Peak Tracking Total 4 | . 1 4 Tactical Retreats 1 | . . 1 Traps | -11 -10 -10 ------- Run | Yrd Mat Sub Traps Triggered . | . . . Indirectly . | . . . Trap Hack Attempts . | . . . Triggered . | . . . Disarmed . | . . . Reprogrammed . | . . . Reused . | . . . Traps Extracted . | . . . Installed . | . . . Triggered . | . . . Machines | -11 -10 -10 ---------- Run | Yrd Mat Sub Machines Disabled . | . . . Max in Single Turn . | . . . Machines Repaired . | . . . Machines Dismantled . | . . . Machines Sabotaged . | . . . Overloaded Fab Kills . | . . . Hacking | -11 -10 -10 --------- Run | Yrd Mat Sub Machines Accessed . | . . . Terminals . | . . . Fabricators . | . . . Repair Stations . | . . . Recycling Units . | . . . Scanalyzers . | . . . Garrison Access . | . . . Total Hacks . | . . . Successful . | . . . Failed . | . . . Catastrophic . | . . . Database Lockouts . | . . . Manual . | . . . Terminals . | . . . Fabricators . | . . . Repair Stations . | . . . Recycling Units . | . . . Scanalyzers . | . . . Garrison Access . | . . . Terminal Hacks . | . . . Fabricator Hacks . | . . . Repair Station Hacks . | . . . Recycling Unit Hacks . | . . . Scanalyzer . | . . . Garrison Access Hacks . | . . . Unauthorized Hacks . | . . . Terminals . | . . . Fabricators . | . . . Repair Stations . | . . . Recycling Units . | . . . Scanalyzers . | . . . Garrison Access . | . . . Data Cores Recovered . | . . . Used . | . . . Hacking Detections . | . . . Full Trace Events . | . . . Feedback Events . | . . . Feedback Blocked . | . . . Robot Schematics Acquired . | . . . Robots Built . | . . . Authchips . | . . . Time . | . . . Total Robot Build Rating . | . . . Part Schematics Acquired . | . . . Parts Built . | . . . Authchips . | . . . Time . | . . . Total Part Build Rating . | . . . Part Studies Acquired . | . . . Parts Repaired . | . . . Time . | . . . Parts Recycled . | . . . Recycled Matter . | . . . Retrieved Matter . | . . . Retrieved Components . | . . . Parts Scanalyzed . | . . . Part Schematics Acquired . | . . . Parts Damaged . | . . . Bothacking | -11 -10 -10 ------------ Run | Yrd Mat Sub Used RIF Installer . | . . . Robots Hacked . | . . . Non-combat . | . . . Combat . | . . . Robot Hacks Applied . | . . . Relay Couplers Released . | . . . Fabnet Peak Effective % . | . . . Robots Rewired . | . . . Allies Hacked . | . . . Hacks Repelled . | . . . Allies | -11 -10 -10 -------- Run | Yrd Mat Sub Total Allies . | . . . Largest Group . | . . . Highest-Rated Group . | . . . Highest-Rated Ally . | . . . Total Orders . | . . . Ally Attacks . | . . . Total Damage . | . . . Kills . | . . . Allies Corrupted . | . . . Allies Melted . | . . . Intel | -11 -10 -10 ------- Run | Yrd Mat Sub Active Infowar (turns) . | . . . Robot Analysis Total . | . . . Derelict Logs Recovered . | . . . Drone Launches . | . . . Drone Recoveries . | . . . Exploration | -11 -10 -10 ------------- Run | Yrd Mat Sub Turns Passed 1315 | 66 515 734 Spaces Moved 683 | 38 299 346 Core 11 | 6 . 5 Treads 600 | 32 299 269 Legs 72 | . . 72 Wheels . | . . . Hover . | . . . Flight . | . . . Fastest Speed 50 | 50 160 130 Average Speed 165 | 142 160 173 Slowest Speed 450 | 160 160 450 Overloaded Moves . | . . . Propulsion Burnouts . | . . . Robots Hopped . | . . . Potential Cave-ins . | . . . Cave-ins Triggered . | . . . Exploration Rate (%) 23 | 3 45 23 Regions Visited 2 Branch Regions 1 Pre-discovered Areas . | . . . Known Exits Taken . | . . . Unknown Exits Taken 2 | 1 1 . Scrap Searched . | . . . Spaces Dug 10 | . . 10 Terrain Destroyed 58 | . . 58 Melee . | . . . Projectile . | . . . AOE 58 | . . 58 Terrain Rammed . | . . . Walls Destroyed . | . . . Machines Disabled . | . . . Actions | -11 -10 -10 --------- Run | Yrd Mat Sub Total 785 | 48 328 409 Wait 24 | . 9 15 Move 681 | 37 298 346 Hop . | . . . Pick Up 19 | 5 12 2 Fast Attach . | . . . Attach 9 | 5 1 3 Detach . | . . . Swap 5 | . 2 3 Drop 2 | . 2 . Fire 45 | 1 4 40 Melee . | . . . Ram . | . . . Kick . | . . . Crush . | . . . Escape Stasis . | . . . Rewire . | . . . Trap . | . . . Miscellaneous . | . . . Route ------- -11/Scrapyard -10/Materials (discovered 2 exits: [*Min] / [*Sub]) -10/Subcaves (discovered 2 exits: [*Mat] / [Scr]) History --------- Turn | Location | Event 40 | -11/Scrapyard | Discovered new exit (range 15) 67 | -11/Scrapyard | Entered Materials 68 | -10/Materials | Met a group of wandering Federalists 129 | -10/Materials | Discovered new exit (range 11) 317 | -10/Materials | Build established: Mutant 401 | -10/Materials | Discovered new exit (range 8) 582 | -10/Materials | Entered Subcaves 583 | -10/Subcaves | Continued accompanying wandering Federalists (5) 583 | -10/Subcaves | Approached by a straggling Scientist 652 | -10/Subcaves | A Subdweller sparked back to life 698 | -10/Subcaves | Core integrity fell below 50% 710 | -10/Subcaves | Found Prototype Leg 960 | -10/Subcaves | Shifting Twisted Machinery released Battle Rifle 979 | -10/Subcaves | Ambushed by Subdweller buried in earth 984 | -10/Subcaves | Core integrity fell below 20% 1149 | -10/Subcaves | Ambushed by Subdweller buried in earth 1196 | -10/Subcaves | Identified Cargo Legs 1197 | -10/Subcaves | Attached Cargo Legs, gained temporary slots: Utility x2 1285 | -10/Subcaves | Discovered new exit (range 8) 1314 | -10/Subcaves | Ambushed by Subdweller buried in earth 1316 | -10/Subcaves | Destroyed by 14-G95(R) with Subdweller Shrapnel Launcher Last Messages --------------- The unstable cave ceiling collapses. Scrap Shield Fragment crushed. The unstable cave ceiling collapses. CL-NH6(R): "THANKSYOU!" Critical hit (Destroy). Hvy. Assault Rifle destroyed. The unstable cave ceiling collapses. Lgt. Treads destroyed. CL-NH6(R) destroyed. The unstable cave ceiling collapses. Sub. Machine Gun crushed. Acquired 40 matter. Identified Cargo Legs. Core temporarily expanded with Utility slot. EXIT=FOUND TV-C2J(R) destroyed. Acquired 38 matter. Hvy. Assault Rifle destroyed. NZ-B87(R): "FREEEEDUMB!" Map ----- +----------------------------------------------------+ | ?????????????????????????????????????????????????? | | ?????????????????????????????????????????????????? | | ?????????????????????????????????????????????????? | | ?????????????????????????????????????????????????? | | ?????????????????????????????????????????????????? | | ?????????????????????????????????????????????????? | | ?????????????????????????????????????????????????? | | ?????????????????????????????????????????????????? | | ?????????????????????????????????????????????????? | | ?????????????????????????????????????????????????? | | ?????????????????????????????????????????????????? | | ?????????????????????????????????????????????????? | | ?????????????????????????????????????????????????? | | ?????????????????????????????????????????????????? | | ???????????????????????????????????#?????????????? | | ??#?####?????????????????????????? ??????????????? | | ??#[ #????????????????????????? ##?????????????? | | ??## ???????????????????????? ""?????????????? | | ??# ##??????????????????????## "? "???????????? | | ###" "##??###????????????#### O "# ""???????????? | | # " ### ###?????###?? ????????????? | | # ##???## ## ??????????????? | | ##?#### ##??# ;; #????????????????? | | ### ## #### < #????????????????? | | ## ## ## R #?????????????????? | | ### @R #?????????????????? | | ##?# ## ##?????????????????? | | #??# ####; #??????????????????? | | ####??#; ;; #?????????????????? | | #???# # # #?????????????????? | | #??## #?????????????????? | | ##### ###??? ????????????????? | | ## #???? #???? ? #? ???????????????? | | #### #???? ?? #?###? #??????????????? | | ##??###????## #####??????# ###??????????????? | | ##????????????####???????????####????????????????? | | ?????????????????????????????????????????????????? | | ?????????????????????????????????????????????????? | | ?????????????????????????????????????????????????? | | ?????????????????????????????????????????????????? | | ?????????????????????????????????????????????????? | | ?????????????????????????????????????????????????? | | ?????????????????????????????????????????????????? | | ?????????????????????????????????????????????????? | | ?????????????????????????????????????????????????? | | ?????????????????????????????????????????????????? | | ?????????????????????????????????????????????????? | | ?????????????????????????????????????????????????? | | ?????????????????????????????????????????????????? | | ?????????????????????????????????????????????????? | +----------------------------------------------------+ Best States ------------- Heat Dissipation 25 Energy Generation 10 Energy Capacity 125 Matter Stores 300 Matter Capacity 300 Sight Range 16 Terrain Scan Density 10 Evasion (%) 55 Recoil Reduction 2 Item Schematics ----------------- None Robot Schematics ------------------ None Fabricated ------------ Nothing Repaired ---------- Nothing Studied --------- None Alien Tech Used ----------------- None Achievements -------------- None Challenges ------------ None Game ------ Seed GammaCannonInitializer Manual? 0 Play Time 00:10:20 Cumulative 222.8 hours Start 2025.12.22 @ 16:58:55 End 2025.12.22 @ 17:06:10 Sessions 1 Manual Loads 0 Difficulty Rogue Special Mode None Game No. 629 Rogue 628 Adventurer 1 Explorer 0 Win Type - Total 0 Types 0/0/0/0/0/0/0/0/0/0 Lore% 65 Gallery% 62 Achievement% 38 Wizard Run 0 Options --------- Layout 1 ASCII 0 Keyboard 0 Movement Mouse Keybinds 0 Fullscreen 1 Font 48/Smallcaps Map View 50x35 Zoom Use 0% Tactical HUD 0 Map Filters NONE Filters NONE Steam 1 RUN: 76d7296b-09fd-4536-abf9-08d28e7ca32b